 Dungeon Crawl Stone Soup version 0.21.0-3-g78d12a8 (webtiles) character file.

47873 Monsterracer the Severer (level 14, -8/130 HPs)
             Began as a Deep Dwarf Fighter on Jan 12, 2018.
             Was a High Priest of Makhleb.
             Mangled by a cyclops (18 damage)
             ... on level 1 of the Orcish Mines.
             The game lasted 00:16:32 (10143 turns).

Monsterracer the Severer (Deep Dwarf Fighter)      Turns: 10143, Time: 00:16:33

Health: -8/130     AC: 23    Str: 22    XL:     14   Next: 10%
Magic:  2/2        EV: 11    Int:  9    God:    Makhleb [*****.]
Gold:   914        SH: 12    Dex: 10    Spells: 13/13 levels left

rFire    . . .     SeeInvis .   a - +5 broad axe "Conac" {speed, +Inv rC+ Str-3}
rCold    + . .     Gourm    .   f - +0 shield
rNeg     + . .     Faith    .   v - +2 chain mail {MR+}
rPois    .         Spirit   .   y - +1 helmet
rElec    .         Reflect  .   n - +1 cloak
rCorr    .         Harm     .   D - +1 pair of gloves
MR       +++..                  (no boots)
Stlth    ..........             x - amulet of rage
HPRegen  0.00/turn              A - +3 ring of evasion
MPRegen  0.08/turn              C - +2 ring of protection

@: non-regenerating, drained
A: damage resistance, heal wounds, clumsy 1, negative energy resistance 1, sense
surroundings 2, no regeneration
a: Heal Wounds, Minor Destruction, Lesser Servant of Makhleb, Major Destruction,
Greater Servant of Makhleb, Renounce Religion, Evoke Berserk Rage, Evoke
Invisibility


You were on level 1 of the Orcish Mines.
You worshipped Makhleb.
Makhleb was extremely pleased with you.
You were not hungry.

You visited 4 branches of the dungeon, and saw 19 of its levels.
You also visited: Ossuary.

You collected 914 gold pieces.

Inventory:

Hand Weapons
 a - the +5 broad axe "Conac" (weapon) {speed, +Inv rC+ Str-3}
   (You found it on level 6 of the Lair of Beasts)

   Attacks with this weapon are significantly faster.
   It affects your strength (-3).
   It protects you from cold.
   It lets you turn invisible.
 b - the +3 flail "Beetlebane" {crush, rPois}
   (You found it on level 7 of the Dungeon)

   It inflicts extra damage upon your enemies.
   It protects you from poison.
 z - a +1 morningstar of venom
Missiles
 w - a throwing net (quivered)
Armour
 f - a +0 shield (worn)
 n - a +1 cloak (worn)
 v - a +2 chain mail of magic resistance (worn)
 y - a +1 helmet (worn)
 D - a +1 pair of gloves (worn)
Jewellery
 l - an uncursed ring of resist corrosion
 x - an amulet of rage (around neck)
 A - a +3 ring of evasion (left hand)
 C - a +2 ring of protection (right hand)
Wands
 o - a wand of digging (42)
 E - a wand of polymorph (21)
 G - a wand of clouds (4)
 I - a wand of iceblast (4)
 J - a wand of acid (7)
Scrolls
 g - 7 scrolls of teleportation
 j - 2 scrolls of blinking
 m - 2 scrolls of fear
 s - 3 scrolls of magic mapping
 u - 6 scrolls of remove curse
 F - 2 scrolls of fog
Potions
 d - a potion of magic
 e - 3 potions of lignification
 h - a potion of agility
 i - 2 potions of resistance
 k - a potion of mutation
 p - 2 potions of ambrosia
 q - 3 potions of haste
 t - a potion of flight {unknown}
 B - 2 potions of berserk rage {unknown}
 K - 2 potions of curing
Comestibles
 c - 22 rations
 r - 7 chunks of flesh


   Skills:
 + Level 9.9(9.0) Fighting
 * Level 15.3(14.3) Axes
 + Level 11.7(10.7) Armour
 - Level 2.4(1.6) Dodging
 + Level 11.5(10.6) Shields
 + Level 11.2(10.2) Invocations
 - Level 5.0(4.2) Evocations


You had 13 spell levels left.
You didn't know any spells.

Dungeon Overview and Level Annotations

Branches:
Dungeon (11/15)            Temple (1/1) D:6            Lair (6/6) D:8
 Shoals (0/4) Lair:4        Snake (0/4) Lair:4        Slime (0/5) Lair:6
    Orc (1/2) D:11

Altars:
Ashenzari
Cheibriados
Dithmenos
Elyvilon
Fedhas
Gozag
Kikubaaqudgha
Makhleb
Nemelex Xobeh
Okawaru
Qazlal
Ru
Sif Muna
Uskayaw
Vehumet
Xom
Zin
The Shining One
Beogh

Shops:
D:4 =   D:8 :

Annotations:
Lair:2 Sonja


Innate Abilities, Weirdness & Mutations

You are resistant to damage.
You can heal yourself by infusing magical energy.
You resist negative energy. (rN+)
You passively map the area around you.
You do not regenerate.
You are clumsy. (Dex -2)


Message History

Unknown command.
You slice the orc!!
You kill the orc!
Makhleb accepts your kill.
You slash the orc warrior!
The orc warrior hits you with a halberd of flaming.
The orc warrior burns you.
Things that are here:
a flail; an orc corpse You slash the orc warrior!
You kill the orc warrior!
Makhleb accepts your kill.
You feel better.
You regained 7 hp, and now have 50/130 hp.
Things that are here:
a halberd of flaming; a chain mail There isn't anything to butcher here.
Things that are here:
a flail; an orc corpse
There is a staircase to the Orcish Mines here.
You climb downwards.
Welcome back to the Orcish Mines!
An orc knight comes into view. It is wielding a great sword.
The orc knight shouts!
You hear a shout!
The orc warrior no longer looks unusually strong.
The orc no longer looks unusually strong.
The orc hits you but does no damage. You block the orc's attack.
You block the orc warrior's attack. The orc completely misses you.
The orc knight barely misses you.
The orc warrior hits you with a short sword.
You block the orc warrior's attack. The orc hits you but does no damage. x2
The orc warrior misses you.
There is a staircase back to the Dungeon, spattered with blood here.
You take 4 damage, and have 46/130 hp.
You barely miss the orc knight.
The orc knight is lightly wounded.
You slice the orc!!
You kill the orc!
Makhleb accepts your kill.
You feel better.
You hit the orc warrior. You closely miss the orc. You slash the orc!
You kill the orc!
Makhleb accepts your kill.
You feel better.
You hit the orc warrior but do no damage.
You barely miss the orc warrior.
The orc knight roars a battlecry!
The orcs go into a battle-frenzy!
You block the orc's attack. You block the orc warrior's attack.
The orc warrior hits you with a halberd!!
* * * LOW HITPOINT WARNING * * *
You are too injured to fight recklessly!
You are too injured to fight recklessly!
You are too injured to fight recklessly!
You are too injured to fight recklessly!
You take 15 damage, and have 31/130 hp.
Unknown command.
You barely miss the orc knight.
The orc knight is lightly wounded.
You closely miss the orc warrior. You hit the orc.
You hit the orc warrior but do no damage.
You slash the orc warrior!
The orc warrior no longer looks unusually strong.
You block the orc warrior's attack.
The orc knight hits you but does no damage.
You slash the orc knight!
The orc knight is heavily wounded.
You hit the orc warrior but do no damage.
You hit the orc warrior. You barely miss the cyclops. You slash the orc!
You kill the orc!
Makhleb accepts your kill.
You feel better.
You slash the orc warrior!
The orc warrior hits you but does no damage.
The orc warrior barely misses you.
You barely miss the orc knight.
The orc knight is heavily wounded.
You closely miss the orc warrior. You slash the cyclops!
You closely miss the orc warrior.
Your chain mail prevents you from hitting the orc warrior.
You block the orc warrior's attack.
The orc knight roars a battlecry!
The orcs go into a battle-frenzy!
You block the cyclops's attack. The orc knight completely misses you.
You hit the orc knight but do no damage.
The orc knight is heavily wounded.
You barely miss the orc warrior. x2; You slash the cyclops!
You hit the orc warrior. You block the orc warrior's attack.
The orc warrior hits you with a halberd!!
* * * LOW HITPOINT WARNING * * *
You block the orc warrior's attack.
You take 19 damage, and have 13/130 hp.
Unknown command.
You hit the orc knight but do no damage.
The orc knight is heavily wounded.
You hit the orc warrior. You hit the cyclops but do no damage.
You hit the orc warrior but do no damage.
You barely miss the orc warrior.
The orc knight hits you with an enchanted halberd.
* * * LOW HITPOINT WARNING * * *
The cyclops hits you!!
You die...

* , , , ,* *
....#.......... *
, ................
,
.........#......,
, *,
.............$..,
,*
,,.....#....o.....
* ,
................ ,
* , ,
...(..ooC....# , ,
....$.>@)....# ,,,
, ......o)o[..##
,, , ,
,........[..## **
* , ,.$..........#
, ....#..#....# *
...$..#.....#** ,
...... ....##*,
*,#..#.. ....#
,........... *


You could see 2 orc knights, a cyclops and 3 orc warriors.

Vanquished Creatures
  Nessos (Lair:5)
  A dire elephant (Lair:6)
  Snorg (D:10)
  Josephine (D:10)
  4 hydras
  3 catoblepae (Lair:6)
  5 death yaks (Lair:6)
  An unseen horror (D:11)
  An oklob plant (Lair:6)
  An orc sorcerer (Orc:1)
  3 manticores
  15 elephants
  A merfolk siren (Lair:4)
  The ghost of kegs the Skirmisher, a novice HOFi (D:4)
  2 black mambas
  7 spiny frogs
  2 torpor snails
  2 rime drakes (Lair:2)
  5 komodo dragons
  A troll (D:10)
  14 blink frogs
  Prince Ribbit (D:5)
  5 dream sheep
  4 hippogriffs
  A meliai zombie (D:11)
  A shadow (D:11)
  5 wraiths (D:10)
  A basilisk (Lair:1)
  58 yaks
  2 wyverns
  A hungry ghost (D:8)
  Edmund (D:5)
  2 nagas (Lair:4)
  12 water moccasins
  Duvessa (D:5)
  10 porcupines
  4 ice beasts
  4 orc warriors
  2 sky beasts
  5 black bears
  3 centaurs
  2 ogres
  2 phantoms
  5 wolves (Lair:3)
  14 crocodiles
  2 big kobolds (D:9)
  11 bullfrogs
  Dowan (D:5)
  6 scorpions
  3 killer bees (D:10)
  9 wights
  An electric eel (Lair:4)
  7 crimson imps
  3 jellies
  A bullfrog zombie (D:8)
  4 hounds
  2 centaur zombies
  Crazy Yiuf (D:5)
  6 orc priests
  An orc wizard (D:8)
  3 iguanas
  5 worker ants
  A big kobold zombie (Ossuary)
  A hound skeleton (D:9)
  A howler monkey zombie (D:11)
  3 mummies (Ossuary)
  2 worker ant zombies
  3 gnolls (D:5)
  6 adders
  A shadow imp (D:8)
  4 adder zombies
  An adder skeleton (D:8)
  3 leopard geckos
  26 orcs
  A ball python (D:8)
  A giant cockroach (D:1)
  A gnoll zombie (Ossuary)
  2 goblins
  4 hobgoblins
  3 jackals (D:1)
  6 quokkas
  7 bats (D:5)
  A frilled lizard (D:4)
  6 goblin zombies (Ossuary)
  3 hobgoblin zombies (Ossuary)
  A jackal skeleton (D:5)
  4 kobolds
  4 kobold zombies (Ossuary)
  A quokka zombie (D:4)
  2 rats (D:1)
  A rat zombie (D:4)
  7 fungi
391 creatures vanquished.

Vanquished Creatures (others)
  An orc (Orc:1)
  13 fungi
  A plant (Lair:4)
15 creatures vanquished.

Grand Total: 406 creatures vanquished

Notes
Turn   | Place    | Note
-------+----------+-------------------------------------------
     0 | D:1      | Monsterracer the Deep Dwarf Fighter began the quest for the Orb.
     0 | D:1      | Reached XP level 1. HP: 20/20 MP: 1/1
    81 | D:1      | Reached XP level 2. HP: 24/27 MP: 2/2
   136 | D:2      | Reached skill level 3 in Axes
   231 | D:4      | Reached XP level 3. HP: 25/34 MP: 3/3
   243 | D:4      | Found Jestryd's Jewellery Shoppe.
   278 | D:4      | Noticed kegs's ghost (novice HOFi)
   288 | D:4      | Killed kegs's ghost
   288 | D:4      | Reached skill level 5 in Axes
   288 | D:4      | Reached XP level 4. HP: 20/44 MP: 4/4
   288 | D:4      | Reached XP level 5. HP: 22/50 MP: 5/5
   288 | D:4      | Reached XP level 6. HP: 26/57 MP: 6/6
   344 | D:4      | Found a sand-covered staircase.
   353 | Ossuary  | Entered an ossuary
   554 | D:5      | Entered Level 5 of the Dungeon
   567 | D:5      | Reached XP level 7. HP: 40/64 MP: 7/7
   588 | D:5      | Reached skill level 5 in Armour
   588 | D:5      | Reached skill level 5 in Shields
   640 | D:5      | Reached skill level 6 in Axes
   671 | D:5      | Noticed Prince Ribbit
   682 | D:5      | Killed Prince Ribbit
   746 | D:5      | Reached XP level 8. HP: 58/73 MP: 7/7
   861 | D:5      | Found a deep blue altar of Sif Muna.
   904 | D:5      | Noticed Duvessa
   904 | D:5      | Noticed Dowan
   922 | D:5      | Killed Duvessa
   926 | D:5      | Killed Dowan
   926 | D:5      | Reached skill level 7 in Axes
  1145 | D:5      | Noticed Edmund
  1153 | D:5      | Killed Edmund
  1153 | D:5      | Reached skill level 5 in Fighting
  1202 | D:5      | Found a runed door.
  1261 | D:5      | Reached skill level 8 in Axes
  1319 | D:5      | Noticed Crazy Yiuf
  1324 | D:5      | Killed Crazy Yiuf
  1481 | D:6      | Got an ancient trident
  1487 | D:6      | Identified the +0 trident of Kyfaz {pierce, rC++ Str+5} (You found it on level 6 of the Dungeon)
  1622 | D:6      | Gained mutation: You passively map the area around you. [Deep Dwarf growth]
  1622 | D:6      | Reached XP level 9. HP: 22/81 MP: 5/5
  1861 | D:6      | Found a staircase to the Ecumenical Temple.
  1865 | Temple   | Entered the Ecumenical Temple
  1950 | Temple   | Became a worshipper of Makhleb the Destroyer
  2247 | D:7      | Reached skill level 9 in Axes
  2247 | D:7      | Reached skill level 1 in Invocations
  2276 | D:7      | Found an ancient bone altar of Kikubaaqudgha.
  2276 | D:7      | Found a blossoming altar of Fedhas.
  2310 | D:7      | Noticed a manticore
  2333 | D:7      | Killed a manticore
  2333 | D:7      | Reached skill level 1 in Dodging
  2437 | D:7      | Got a crude flail
  2491 | D:7      | Identified the +3 flail "Beetlebane" {crush, rPois} (You found it on level 7 of the Dungeon)
  2496 | D:7      | Got a faintly glowing ring mail
  2507 | D:7      | Identified the +0 ring mail "Fuerr" {MR+++ Slay-3 SInv Stlth-} (You found it on level 7 of the Dungeon)
  2822 | D:8      | Found a staircase to the Lair.
  2868 | D:8      | Found a stormy altar of Qazlal.
  2904 | D:8      | Reached * piety under Makhleb
  2963 | D:8      | Reached XP level 10. HP: 61/91 MP: 5/5
  3028 | D:8      | Found Zoadde's Book Shoppe.
  3115 | D:8      | Reached skill level 10 in Axes
  3469 | D:9      | Reached skill level 1 in Evocations
  3537 | D:9      | Reached ** piety under Makhleb
  3670 | D:9      | Reached skill level 5 in Invocations
  3697 | D:9      | Got an iridescent whip
  3853 | Lair:1   | Entered Level 1 of the Lair of Beasts
  3898 | Lair:1   | Reached skill level 11 in Axes
  4014 | Lair:1   | Noticed a spiny frog
  4028 | Lair:1   | Killed a spiny frog
  4038 | Lair:1   | Noticed a spiny frog
  4059 | Lair:1   | Killed a spiny frog
  4059 | Lair:1   | Reached XP level 11. HP: 19/100 MP: 7/7
  4553 | Lair:2   | Reached skill level 5 in Evocations
  4735 | Lair:2   | Noticed Sonja
  4890 | Lair:3   | Reached *** piety under Makhleb
  4939 | Lair:3   | Reached skill level 12 in Axes
  5135 | Lair:3   | Reached XP level 12. HP: 48/110 MP: 0/4
  5434 | Lair:3   | Noticed a six-headed hydra
  5485 | Lair:4   | HP: 3/110 [crocodile (8)]
  5532 | Lair:4   | Got a steaming buckler
  5597 | Lair:4   | Reached skill level 13 in Axes
  5615 | Lair:4   | Identified the +3 buckler of Tyzaliul {*Contam rN+++ MR++ Int-4} (You found it on level 4 of the Lair of Beasts)
  5639 | Lair:4   | Gained mutation: You are clumsy. (Dex -2) [mutagenic glow]
  5641 | Lair:4   | Noticed an eight-headed hydra
  5679 | Lair:3   | Killed a six-headed hydra
  5679 | Lair:3   | Reached skill level 10 in Armour
  5719 | Lair:4   | Killed an eight-headed hydra
  5719 | Lair:4   | Reached skill level 10 in Shields
  5847 | Lair:4   | Found a staircase to the Snake Pit.
  5853 | Lair:4   | Reached **** piety under Makhleb
  6031 | Lair:4   | Found a staircase to the Shoals.
  6109 | Lair:4   | Found a dark tunnel.
  6246 | Lair:5   | Noticed an eight-headed hydra
  6255 | Lair:5   | Killed an eight-headed hydra
  6565 | Lair:5   | Noticed Nessos
  6589 | Lair:5   | Killed Nessos
  6984 | Lair:6   | Entered Level 6 of the Lair of Beasts
  7013 | Lair:6   | Reached XP level 13. HP: 80/120 MP: 2/2
  7137 | Lair:6   | Reached skill level 14 in Axes
  7180 | Lair:6   | Reached ***** piety under Makhleb
  7186 | Lair:6   | Reached skill level 10 in Invocations
  7236 | Lair:6   | Found a staircase to the Slime Pits.
  7285 | Lair:6   | Noticed a dire elephant
  7310 | Lair:6   | Killed a dire elephant
  7866 | Lair:6   | Got an iridescent broad axe
  7867 | Lair:6   | Identified the +5 broad axe "Conac" {speed, +Inv rC+ Str-3} (You found it on level 6 of the Lair of Beasts)
  8083 | Lair:6   | Reached skill level 15 in Axes
  8763 | D:10     | Entered Level 10 of the Dungeon
  9140 | D:10     | Noticed Snorg
  9157 | D:10     | Killed Snorg
  9355 | D:10     | Noticed Josephine
  9393 | D:10     | Killed Josephine
  9549 | D:11     | Gained mutation: You resist negative energy. (rN+) [Deep Dwarf growth]
  9549 | D:11     | Reached XP level 14. HP: 128/130 MP: 2/2
  9908 | D:11     | Found a staircase to the Orcish Mines.
  9915 | D:11     | Found a roughly hewn altar of Beogh.
 10111 | Orc:1    | Entered Level 1 of the Orcish Mines
 10143 | Orc:1    | Mangled by a cyclops

Skill      XL: |  1  2  3  4  5  6  7  8  9 10 11 12 13 |
---------------+----------------------------------------+-----
Axes           | 3 5 6 8 9 11 12 13 15 | 15.3
Fighting       | 3 4 5 6 7 8 9 |  9.9
Armour         | 4 5 6 7 8 9 10 11 | 11.7
Shields        | 4 5 6 7 8 9 10 11 | 11.5
Invocations    | 3 5 7 9 11 | 11.2
Dodging        | 2 |  2.4
Evocations     | 3 5 |  5.0

Action                   |  1- 3 |  4- 6 |  7- 9 | 10-12 | 13-15 || total
-------------------------+-------+-------+-------+-------+-------++-------
Melee: War axe           |    75 |    77 |   372 |   891 |   300 ||  1715
       Flail             |       |       |       |    15 |     8 ||    23
       Broad axe         |       |       |       |       |   245 ||   245
Invok: Minor Destruction |       |       |       |     1 |       ||     1
       Lesser Servant of |       |       |       |       |     1 ||     1
 Abil: Heal Wounds       |       |     2 |    23 |    31 |     3 ||    59
       Evoke Berserk Rag |       |       |       |     3 |     1 ||     4
  Use: Scroll            |     1 |     6 |     6 |    11 |     3 ||    27
       Potion            |     1 |       |     1 |     5 |       ||     7
 Stab: Held in net/web   |       |       |     2 |       |       ||     2
  Eat: Chunk             |       |       |     8 |    15 |    11 ||    34
       Ration            |       |       |       |     2 |       ||     2
Armor: Scale mail        |    32 |    35 |   130 |       |       ||   197
       Chain mail        |       |       |     7 |   386 |   290 ||   683
       Skin              |       |       |       |     6 |       ||     6
Dodge: Dodged            |    24 |    27 |   105 |   335 |   214 ||   705
Block: Shield            |    46 |    46 |   202 |   627 |   328 ||  1249

Vault maps used:
D:1:      minmay_arrival_plants_in_alcoves, minmay_misc_feat_pillars
D:2:      minivault_24, kennysheep_decorative_pillar, uniq_terence
D:3:      first_ration, uniq_ijyb, uniq_grinder
D:4:      kennysheep_little_box, gammafunk_temple_overflow_elements,
          serial_shops, shop, nicolae_shop_waterfront, shop,
          nicolae_shop_crystal, enter_ossuary_4
D:5:      old_forge, tgw_sif, uniq_crazy_yiuf_cottage, uniq_duvessa,
          uniq_edmund, uniq_prince_ribbit1
D:6:      lemuel_zombie_altar_yredelemnul, temple_hall_moat
D:7:      grunt_temple_overflow_growth_and_decay, minmay_misc_feat_columns
D:8:      grunt_lair_entry_orc_guard_hut, serial_shops, shop,
          nicolae_qazlal_general_emergency
D:9:      hangedman_ranch, minmay_misc_feat_alley, lemuel_old_faithful
D:10:     serial_bayou_crossing, uniq_snorg, uniq_josephine
D:11:     minmay_orc_entry_temple_small
Temple:   lightli_temple_of_artemis
Lair:2:   grunt_megastairs_2, uniq_sonja
Lair:4:   elwin_shoals_entry_rooms, minmay_snake_entry_guardpost_small,
          nicolae_volcano_entry_s_turn, serial_bayou_pond_d,
          infiniplex_staircase_pool_2
Lair:5:   lemuel_fruit_fields, uniq_nessos
Lair:6:   evilmike_catoblepas_cave, slime_dummy, patterned_corridor,
          grunt_megastairs_4
Ossuary:  ossuary_minmay_chase
